 Dungeon Crawl Stone Soup version 0.26-a0-639-g72c4674329 (webtiles) character file.

Game seed: 17573082585336495901

130099 Lanoc the Hand of Fortune (level 16, 0/170 HPs)
             Began as a Troll Delver on Sept 22, 2020.
             Was the Champion of Nemelex Xobeh.
             Slain by a salamander
             ... wielding a +0 glaive
              (13 damage)
             ... on level 3 of the Snake Pit.
             The game lasted 01:02:42 (30924 turns).

Lanoc the Hand of Fortune (Troll Delver)           Turns: 30924, Time: 01:02:43

Health: 0/170      AC: 13    Str: 24    XL:     16   Next: 52%
Magic:  28/28      EV: 23    Int:  4    God:    Nemelex Xobeh [******]
Gold:   3532       SH:  0    Dex: 19    Spells: 15/15 levels left

rFire    . . .     SeeInvis .   b - +8 morningstar of Duty {freeze, Dex+3 Stlth+}
rCold    . . .     Faith    .   (no shield)
rNeg     . . .     Spirit   .   l - +2 acid dragon scales
rPois    +         Reflect  .   (helmet restricted)
rElec    .         Harm     .   y - +0 cloak
rCorr    +         Rampage  .   (gloves unavailable)
MR       +....                  (boots unavailable)
Stlth    +++.......             m - amulet of the acrobat
HPRegen  0.78/turn              D - ring of poison resistance
MPRegen  0.21/turn              r - +4 ring of evasion

@: lethally poisoned (0 -> 0), about to teleport
A: large, unfitting armour, claws 3, talons 1, blink, blurry vision 1, dopey 1,
regeneration 1, shaggy fur 1, tough skin 3
a: Blink, Draw Escape, Draw Destruction, Draw Summoning, Draw Stack, Triple
Draw, Deal Four, Stack Five, Renounce Religion


You were on level 3 of the Snake Pit.
You worshipped Nemelex Xobeh.
Nemelex Xobeh was exalted by your worship.
You visited 5 branches of the dungeon, and saw 25 of its levels.

You collected 3820 gold pieces.
You spent 288 gold pieces at shops.

Inventory:

Hand Weapons
 a - the +9 great sword "Wiupum" {venom, rC+ Str+4 Dex+5}
   (You found it on level 1 of the Lair of Beasts)

   It poisons the flesh of those it strikes.
   It affects your strength (+4).
   It affects your dexterity (+5).
   It protects you from cold.
 b - the +8 morningstar of Duty (weapon) {freeze, Dex+3 Stlth+}
   (You found it on level 2 of the Orcish Mines)

   It has been specially enchanted to freeze those struck by it, causing extra
   injury to most foes and up to half again as much damage against particularly
   susceptible opponents.
   It can also slow down cold-blooded creatures.
   It affects your dexterity (+3).
   It makes you more stealthy.
Armour
 l - +2 acid dragon scales (worn)
 y - a +0 cloak (worn)
 F - a +0 kite shield
Jewellery
 m - an amulet of the acrobat (around neck)
 r - a +4 ring of evasion (right claw)
 D - a ring of poison resistance (left claw)
 L - a +6 ring of strength
Wands
 f - a wand of digging (14)
 j - a wand of iceblast (35)
 n - a wand of paralysis (46)
 p - a wand of enslavement (29)
 s - a wand of random effects (34)
 A - a wand of flame (6)
 M - a wand of polymorph (9)
Scrolls
 c - 2 scrolls of magic mapping
 h - 6 scrolls of identify
 i - 7 scrolls of remove curse
 k - 7 scrolls of amnesia
 q - 8 scrolls of blinking
 t - 6 scrolls of enchant weapon
 u - 2 scrolls of holy word
 v - 4 scrolls of teleportation
 w - 8 scrolls of enchant armour
 C - 3 scrolls of immolation
 K - 2 scrolls of fog
 N - a scroll of brand weapon
Potions
 d - 4 potions of brilliance
 e - 5 potions of haste
 x - 7 potions of curing
 z - 2 potions of ambrosia
 B - a potion of mutation
 E - a potion of lignification
 G - 2 potions of stabbing
 H - a potion of might
 I - 2 potions of magic
 J - a potion of berserk rage
 P - a potion of resistance
Miscellaneous
 o - a lightning rod (4/4)
 Q - a phantom mirror


   Skills:
 + Level 13.2 Fighting
 + Level 13.2 Dodging
 - Level 2.7 Stealth
 - Level 2.0 Unarmed Combat
 * Level 18.0 Invocations


You had 15 spell levels left.
You didn't know any spells.
Your spell library contained the following spells:

 Spells                   Type           Power        Failure   Level
 Animate Skeleton         Necr           #.....       58%         1
 Beastly Appendage        Tmut           #.....       58%         1
 Corona                   Hex            #......      58%         1
 Magic Dart               Conj           #...         58%         1
 Pain                     Necr           #...         58%         1
 Sandblast                Erth           #.....       58%         1
 Summon Small Mammal      Summ           #...         58%         1
 Blink                    Tloc           N/A          73%         2
 Call Imp                 Summ           #.......     73%         2
 Corpse Rot               Necr/Air       N/A          73%         2
 Ensorcelled Hibernation  Hex/Ice        #.....       73%         2
 Passwall                 Tmut/Erth      #.......     73%         2
 Poisonous Vapours        Pois/Air       #.....       73%         2
 Slow                     Hex            #.......     73%         2
 Swiftness                Air            #.......     73%         2
 Wereblood                Tmut           #.......     73%         2
 Call Canine Familiar     Summ           #.......     91%         3
 Conjure Flame            Conj/Fire      #.......     91%         3
 Gell's Gravitas          Tloc           #.........   91%         3
 Inner Flame              Hex/Fire       #.......     91%         3
 Mephitic Cloud           Conj/Pois/Air  #.......     91%         3
 Portal Projectile        Hex/Tloc       #.....       91%         3
 Spider Form              Tmut/Pois      #.........   91%         3
 Stone Arrow              Conj/Erth      #.....       91%         3
 Summon Guardian Golem    Hex/Summ       #.......     91%         3
 Vampiric Draining        Necr           #.........   91%         3
 Animate Dead             Necr           #.........   100%        4
 Cause Fear               Hex            #.........   100%        4
 Ice Form                 Ice/Tmut       #.......     100%        4
 Leda's Liquefaction      Hex/Erth       #.........   100%        4
 Passage of Golubria      Tloc           N/A          100%        4
 Petrify                  Tmut/Erth      #.......     100%        4
 Summon Ice Beast         Ice/Summ       #.......     100%        4
 Summon Lightning Spire   Summ/Air       #.......     100%        4
 Agony                    Necr           #.......     100%        5
 Blade Hands              Tmut           #.........   100%        5
 Bolt of Magma            Conj/Fire/Erth #.........   100%        5
 Borgnjor's Vile Clutch   Necr/Erth      #.........   100%        5
 Lee's Rapid Deconstruct  Erth           #.........   100%        5
 Silence                  Hex/Air        #.........   100%        5
 Dispersal                Tloc           #.........   100%        6
 Invisibility             Hex            #.......     100%        6
 Iron Shot                Conj/Erth      #.........   100%        6
 Shadow Creatures         Summ           N/A          100%        6
 Disjunction              Tloc           #.........   100%        8


Dungeon Overview and Level Annotations

Branches:
Dungeon (15/15)            Temple (1/1) D:6            Lair (6/6) D:10
 Shoals (0/4) Lair:3        Snake (2/4) Lair:3        Slime (0/5) Lair:5
    Orc (2/2) D:10            Elf (0/3) Orc:2        Vaults (0/5) D:14
 Depths (0/5) D:15

Altars:
Fedhas
Gozag
Nemelex Xobeh
Okawaru
Qazlal
The Shining One
Beogh
Jiyva

Shops:
D:8 :   D:10 ([   D:15 }   Orc:2 :*[?   Snake:1 :

Portals:
Trove: D:15 (give +6 demon whip)

Annotations:
D:14 1 runed translucent door, exclusion: ice statue, Tenar's ghost, journeyman DsIE


Innate Abilities, Weirdness & Mutations

You are too large for most types of armour.
You have claws for hands.
Your natural rate of healing is unusually fast.
You are covered in fur. (AC +1)
You have extremely tough skin. (AC +3)
You have sharp toenails.
You can translocate small distances at will.
Scrolls take you a little longer to read.
You are dopey. (Int -2)


Message History

The naga shouts!
You begin reading the scroll.
You continue reading the scroll.
The naga shouts! x2; The naga mage shouts!
The mana viper hisses angrily.
You hear an angry hiss.
You hear a shout!
You hear an angry hiss.
As you read the scroll of teleportation, it crumbles to dust.
You feel strangely unstable.
You draw a card...
Press: ? - help, Shift-Dir - straight line, f - salamander mystic
Aim: a salamander mystic, wielding a +1 quarterstaff of draining and wearing a +0 robe The bolt of negative energy hits the salamander mystic!!!
The salamander mystic is drained!
The salamander mystic is heavily wounded.
You feel sick.
You hear a shout! x3
The black mamba completely misses you.
The salamander hits you from afar with a +0 glaive!
* * * LOW HITPOINT WARNING * * *
You are engulfed in flames!
You die...
Your body glows with a rainbow of weird colours and disappears.

###. ..
..... .#
..##.. .#
#... .#
#.... S#
#.... ##.#
##...
#.##S.#
#...
#...@.#
#...
#.NNN..#
#..
#..##.N.N.
### ...N
....... #.
##..
...N... ##
##.
.....N. #
.......
.......


You could see 2 salamander mystics, 2 salamanders, an anaconda, a black mamba, a
naga mage and 3 nagas.

Vanquished Creatures
  A fire giant (D:13)
  Nessos (D:13)
  5 dire elephants (Lair:6)
  A spark wasp (D:12)
  A fire dragon (D:13)
  Erolcha (D:9)
  A vault guard (D:14)
  3 hydras
  2 naga warriors
  A death knight (D:14)
  6 centaur warriors
  6 anacondas
  8 two-headed ogres
  5 death yaks (Lair:3)
  6 orc high priests
  A tengu warrior (D:14)
  11 naga sharpshooters
  A skeletal warrior (D:14)
  A fire crab (Lair:5)
  3 unseen horrors
  A wizard (D:14)
  A deep elf mage (D:13)
  A necromancer (D:14)
  4 orc knights
  4 oklob plants
  3 salamanders
  A wolf spider (D:13)
  4 orc sorcerers (Orc:2)
  3 slime creatures
  2 ugly things (D:13)
  A cyclops (D:11)
  5 manticores
  15 elephants
  15 black mambas
  4 centaur zombies
  3 centaur skeletons
  2 guardian serpents (Snake:1)
  Maurice (D:9)
  A cane toad (shapeshifter) (D:15)
  7 naga magi (Snake:1)
  2 gargoyles
  12 cane toads
  2 torpor snails (Lair:5)
  2 yaktaurs
  2 kobold demonologists (D:13)
  4 rime drakes
  4 komodo dragons
  A freezing wraith (D:14)
  A tengu conjurer (D:13)
  5 trolls (Orc:2)
  13 blink frogs
  4 polar bears
  A snapping turtle (D:14)
  A blink frog (shapeshifter) (D:14)
  A dream sheep (Lair:5)
  12 hippogriffs
  3 centaur simulacra (D:14)
  A shadow (D:12)
  Eustachio (D:6)
  6 wraiths
  3 wyverns
  58 yaks
  19 humans (D:14)
  9 vampire mosquitoes
  2 basilisks
  7 wargs
  21 nagas
  An acid dragon (D:13)
  Edmund (D:6)
  12 water moccasins
  11 porcupines
  2 black bears
  35 orc warriors
  A phantom (D:5)
  9 ice beasts
  2 sky beasts
  12 wolves
  A boggart (Orc:2)
  3 necrophages
  22 ogres
  31 centaurs
  10 crocodiles
  A wyvern zombie (D:14)
  19 bullfrogs
  9 scorpions
  A water moccasin zombie (D:9)
  13 killer bees
  5 wights (D:12)
  An electric eel (D:14)
  4 howler monkeys
  A quasit (D:9)
  2 wyvern simulacra (D:14)
  2 jellies
  33 orc priests
  2 bullfrog zombies
  2 hounds
  A bullfrog skeleton (D:13)
  A gnoll shaman (D:6)
  9 iguanas
  19 orc wizards
  14 worker ants
  2 killer bee zombies
  2 hound zombies
  4 hound skeletons
  A worker ant zombie (D:5)
  3 gnolls (D:3)
  2 howler monkey zombies
  14 adders
  2 shadow imps
  6 white imps
  2 ufetubi
  An ooze (D:14)
  An adder skeleton (D:4)
  2 worms
  A dart slug (Orc:2)
  6 leopard geckos
  108 orcs
  2 ball pythons
  7 giant cockroaches
  2 goblins
  A hobgoblin (Orc:2)
  12 jackals
  2 kobolds (D:3)
  5 quokkas
  4 bats (D:3)
  4 frilled lizards
  A giant cockroach zombie (D:6)
  A jackal skeleton (D:9)
830 creatures vanquished.

Vanquished Creatures (collateral kills)
  Saint Roka (Orc:2)
  An orc warlord (Orc:2)
  2 fire dragons (D:15)
  A vault guard (D:14)
  A catoblepas (Lair:4)
  A hydra (D:12)
  A tengu warrior (D:13)
  2 naga sharpshooters (Snake:1)
  An unseen horror (D:13)
  A skeletal warrior (D:14)
  An orange crystal statue (D:14)
  A cyclops (D:11)
  A centaur skeleton (D:12)
  A guardian serpent (shapeshifter) (D:13)
  A freezing wraith (D:13)
  A hornet (D:10)
  3 slime creatures (D:12)
  5 yaks
  2 vampire mosquitoes (D:12)
  A water moccasin (D:12)
  An orc warrior (Orc:2)
  A centaur (D:10)
  An eye of draining (D:14)
  An ogre (Orc:2)
  6 orcs
  A bat (Orc:2)
  A giant cockroach (Orc:2)
41 creatures vanquished.

Vanquished Creatures (others)
  An unseen horror (D:10)
  An orc wizard (D:7)
  42 fungi
  47 plants
  17 toadstools (Lair:1)
108 creatures vanquished.

Grand Total: 979 creatures vanquished

Notes
Turn   | Place    | Note
-------+----------+-------------------------------------------
     0 | D:5      | Lanoc the Troll Delver began the quest for the Orb.
     0 | D:5      | Reached XP level 1. HP: 22/22 MP: 0/0
    93 | D:5      | Noticed a phantom
   135 | D:5      | Killed a phantom
   135 | D:5      | Reached XP level 2. HP: 26/31 MP: 1/1
   135 | D:5      | Reached XP level 3. HP: 31/37 MP: 2/2
   135 | D:5      | Reached XP level 4. HP: 38/45 MP: 3/3
   252 | D:5      | Reached XP level 5. HP: 34/54 MP: 4/4
   375 | D:5      | Noticed a sky beast
   434 | D:5      | Killed a sky beast
   661 | D:5      | Reached XP level 6. HP: 54/62 MP: 5/5
  1408 | D:4      | Reached skill level 5 in Fighting
  1408 | D:4      | Reached XP level 7. HP: 34/72 MP: 6/6
  1811 | D:3      | Found a faded altar of an unknown god.
  1814 | D:3      | Became a worshipper of Nemelex Xobeh the Trickster
  1814 | D:3      | Received a gift from Nemelex Xobeh
  1814 | D:3      | Reached * piety under Nemelex Xobeh
  2290 | D:6      | Reached skill level 1 in Invocations
  2333 | D:6      | Reached skill level 5 in Dodging
  2423 | D:6      | Noticed Eustachio
  2447 | D:6      | Reached skill level 2 in Invocations
  2525 | D:6      | Killed Eustachio
  2679 | D:6      | Noticed Edmund
  2705 | D:6      | Killed Edmund
  2705 | D:6      | Reached skill level 3 in Invocations
  2705 | D:6      | Reached XP level 8. HP: 39/83 MP: 9/9
  2806 | D:6      | Noticed Maggie
  2817 | D:6      | Noticed Maggie
  2817 | D:6      | Maggie changed into Maggie the scorpion
  2823 | D:6      | Killed Maggie the scorpion
  2823 | D:6      | Reached skill level 4 in Invocations
  3064 | D:6      | Reached ** piety under Nemelex Xobeh
  3190 | D:6      | Found a staircase to the Ecumenical Temple.
  3201 | Temple   | Entered the Ecumenical Temple
  3431 | D:7      | Reached skill level 5 in Invocations
  3641 | D:7      | Received a gift from Nemelex Xobeh
  3658 | D:7      | Reached XP level 9. HP: 60/91 MP: 12/12
  3818 | D:7      | Gained mutation: You have sharp toenails. [potion of
                  | mutation]
  3818 | D:7      | Gained mutation: You are dopey. (Int -2) [potion of
                  | mutation]
  3818 | D:7      | Gained mutation: You can translocate small distances at
                  | will. [potion of mutation]
  3826 | D:7      | Reached skill level 6 in Invocations
  4468 | D:7      | Received a gift from Nemelex Xobeh
  4755 | D:8      | Reached *** piety under Nemelex Xobeh
  4909 | D:8      | Reached skill level 7 in Invocations
  5083 | D:8      | Found Bemummul's Book Emporium.
  5125 | D:8      | Found an opulent altar of Gozag.
  5361 | D:8      | Received a gift from Nemelex Xobeh
  5544 | D:9      | Noticed Erolcha
  5685 | D:9      | Killed Erolcha
  5685 | D:9      | Reached skill level 8 in Invocations
  5685 | D:9      | Reached XP level 10. HP: 102/102 MP: 13/15
  5895 | D:9      | Noticed a two-headed ogre
  5902 | D:9      | Killed a two-headed ogre
  5984 | D:9      | Reached **** piety under Nemelex Xobeh
  6047 | D:9      | Received a gift from Nemelex Xobeh
  6107 | D:9      | Noticed Maurice
  6108 | D:9      | Paralysed by Maurice for 4 turns
  6118 | D:9      | Paralysed by Maurice for 3 turns
  6123 | D:9      | Killed Maurice
  6236 | D:9      | Reached skill level 9 in Invocations
  6336 | D:9      | Received a gift from Nemelex Xobeh
  6987 | D:10     | Entered Level 10 of the Dungeon
  7295 | D:10     | Noticed a two-headed ogre
  7320 | D:9      | Killed a two-headed ogre
  7621 | D:9      | Reached XP level 11. HP: 38/111 MP: 17/17
  7911 | D:10     | Found a staircase to the Lair.
  7957 | D:10     | Reached skill level 10 in Invocations
  7976 | D:10     | Killed an unseen horror
  8110 | D:10     | Received a gift from Nemelex Xobeh
  8112 | D:10     | Found Rulehot's Armour Shoppe.
  8112 | D:10     | Found a staircase to the Orcish Mines.
  8112 | D:10     | Found Nigo's Weapon Shoppe.
  8112 | D:10     | Noticed an orc knight
  8122 | D:10     | Killed an orc knight
  8194 | D:10     | Reached ***** piety under Nemelex Xobeh
  8751 | D:11     | Lost intelligence.
  9192 | D:12     | Reached skill level 11 in Invocations
  9232 | D:12     | Received a gift from Nemelex Xobeh
  9233 | D:12     | Noticed a centaur warrior
  9263 | D:12     | Killed a centaur warrior
  9566 | D:12     | Noticed a four-headed hydra
  9578 | D:12     | Killed a four-headed hydra
  9595 | D:12     | Killed an unseen horror
  9595 | D:12     | Reached XP level 12. HP: 80/123 MP: 19/19
  9661 | D:12     | Noticed a four-headed hydra
  9672 | D:12     | Noticed a spark wasp
  9672 | D:12     | a four-headed hydra changed into a spark wasp
  9681 | D:12     | Killed a spark wasp
  9954 | D:12     | Reached skill level 12 in Invocations
 10313 | D:13     | Received a gift from Nemelex Xobeh
 10408 | D:13     | Noticed Nessos
 10421 | D:13     | Killed Nessos
 10689 | D:13     | Noticed a tengu warrior
 10719 | D:13     | Killed a tengu warrior
 10882 | D:13     | Noticed a fire dragon
 10892 | D:13     | Killed a fire dragon
 10998 | D:13     | Noticed a fire giant
 11015 | D:13     | Killed a fire giant
 11015 | D:13     | Reached skill level 10 in Fighting
 11261 | D:13     | Reached skill level 10 in Dodging
 11275 | D:13     | Reached skill level 13 in Invocations
 11275 | D:13     | Noticed a centaur warrior
 11317 | D:13     | Killed a centaur warrior
 11503 | D:13     | Noticed a centaur warrior
 11526 | D:13     | Killed a centaur warrior
 11526 | D:13     | Reached XP level 13. HP: 91/133 MP: 21/21
 11996 | D:13     | Identified the Handbook of the Cloudy Rocks
 13816 | D:14     | Reached skill level 14 in Invocations
 14770 | D:15     | Entered Level 15 of the Dungeon
 15453 | D:14     | Found a gate to the Vaults.
 15826 | D:15     | Found a portal to a secret trove of treasure.
 15880 | D:15     | Received a gift from Nemelex Xobeh
 15967 | D:15     | Found a glowing golden altar of the Shining One.
 16176 | D:15     | Noticed a fire dragon
 16189 | D:15     | Noticed a fire dragon
 16194 | D:15     | Killed a fire dragon
 16194 | D:15     | Reached XP level 14. HP: 146/146 MP: 23/23
 16208 | D:15     | Found a staircase to the Depths.
 16675 | D:15     | Received a gift from Nemelex Xobeh
 16822 | D:15     | Found Huof's Gadget Boutique.
 17426 | D:14     | Found a runed translucent door.
 17426 | D:14     | Noticed Tenar's ghost (journeyman DsIE)
 17532 | D:14     | HP: 6/146 [??? (4)]
 17539 | D:14     | HP: 7/146 [??? (5)]
 17545 | D:14     | HP: 7/146 [??? (4)]
 17784 | Orc:1    | Entered Level 1 of the Orcish Mines
 17883 | Orc:1    | Received a gift from Nemelex Xobeh
 17925 | Orc:1    | Found a roughly hewn altar of Beogh.
 18104 | Orc:2    | Entered Level 2 of the Orcish Mines
 18277 | Orc:2    | Noticed Saint Roka
 18287 | Orc:2    | Reached skill level 15 in Invocations
 18301 | Orc:2    | Killed Saint Roka
 20010 | Orc:2    | Reached ****** piety under Nemelex Xobeh
 20041 | Orc:2    | Got a smoking morningstar
 20041 | Orc:2    | Identified the +8 morningstar of Duty {freeze, Dex+3
                  | Stlth+} (You found it on level 2 of the Orcish Mines)
 20179 | Orc:2    | Found a staircase to the Elven Halls.
 20263 | Orc:2    | Gained mutation: Scrolls take you a little longer to read.
                  | [a neqoxec]
 20345 | Orc:2    | Received a gift from Nemelex Xobeh
 20430 | Orc:2    | Found a roughly hewn altar of Beogh.
 20658 | Orc:2    | Found Ruval's Antique Armour Boutique.
 20892 | Orc:2    | Found Maepok's Magic Scroll Shop.
 21032 | Orc:2    | Bought a scroll of teleportation for 36 gold pieces
 21513 | Orc:2    | Noticed an orc warlord
 21543 | Orc:2    | Killed an orc warlord
 21662 | Orc:2    | Found Vythrul's Book Shop.
 21784 | Orc:2    | Found a roughly hewn altar of Beogh.
 21800 | Orc:2    | Found Qef Zuur's Assorted Antiques.
 21915 | Orc:2    | Bought a scroll of blinking for 172 gold pieces
 21915 | Orc:2    | Bought a scroll of magic mapping for 80 gold pieces
 22279 | Lair:1   | Entered Level 1 of the Lair of Beasts
 22333 | Lair:1   | Received a gift from Nemelex Xobeh
 22382 | Lair:1   | Got a scorched great sword
 22382 | Lair:1   | Identified the +9 great sword "Wiupum" {venom, rC+ Str+4
                  | Dex+5} (You found it on level 1 of the Lair of Beasts)
 22740 | Lair:1   | Received a gift from Nemelex Xobeh
 22794 | Lair:1   | Found a blossoming altar of Fedhas.
 22935 | Lair:2   | Reached skill level 16 in Invocations
 22944 | Lair:2   | Reached XP level 15. HP: 99/156 MP: 26/26
 23306 | Lair:2   | Received a gift from Nemelex Xobeh
 24460 | Lair:3   | Found a staircase to the Shoals.
 24548 | Lair:3   | Received a gift from Nemelex Xobeh
 24793 | Lair:3   | Received a gift from Nemelex Xobeh
 24906 | Lair:3   | Found a staircase to the Snake Pit.
 25638 | Lair:4   | Received a gift from Nemelex Xobeh
 25967 | Lair:4   | Got a glittering iron amulet
 25989 | Lair:4   | Identified the amulet of Jas Ynnu {Inacc rC+ rN++} (You
                  | found it on level 4 of the Lair of Beasts)
 26329 | Lair:5   | Received a gift from Nemelex Xobeh
 26527 | Lair:5   | Found a stormy altar of Qazlal.
 26619 | Lair:5   | Received a gift from Nemelex Xobeh
 26829 | Lair:5   | Reached skill level 17 in Invocations
 27017 | Lair:5   | Found a viscous altar of Jiyva.
 27017 | Lair:5   | Found a staircase to the Slime Pits.
 27345 | Lair:6   | Entered Level 6 of the Lair of Beasts
 27471 | Lair:6   | Received a gift from Nemelex Xobeh
 27683 | Lair:6   | Received a gift from Nemelex Xobeh
 28408 | Lair:6   | Identified a scroll of acquirement
 28412 | Lair:6   | Acquired 860 gold pieces
 28446 | Lair:6   | Reached XP level 16. HP: 106/167 MP: 27/27
 28539 | Snake:1  | Entered Level 1 of the Snake Pit
 28834 | Snake:1  | HP: 7/167 [salamander/+0 spear (12)]
 29059 | Snake:1  | Received a gift from Nemelex Xobeh
 29115 | Snake:1  | Found Yhammon's Book Shop.
 30163 | Snake:1  | Identified the +1 long sword "Mypofoi" {pain, rPois Stlth+}
 30766 | Snake:2  | Reached skill level 18 in Invocations
 30880 | Snake:2  | You fall into a shaft and drop 1 floor!
 30880 | Snake:3  | Received a gift from Nemelex Xobeh
 30924 | Snake:3  | Slain by a salamander

Illustrated notes

Levels and vault maps discovered:
D:3:      layout_loops_cross, chequers_ecumenical_altar_grove,
          hangedman_abyss_or_decor_stabs
D:4:      layout_gridville
D:5:      layout_cave_pods
D:6:      layout_rooms, minmay_temple_entry_poolview,
          minmay_fractal_squares_diagonal_5, uniq_edmund, uniq_maggie,
          uniq_eustachio
D:7:      layout_loops_corners
D:8:      layout_loops_corners, serial_shops, shop,
          nicolae_gozag_cash_rules_everything_around_me
D:9:      layout_layer_cave, uniq_maurice, uniq_erolcha
D:10:     layout_cave_pools, grunt_lair_entry_orc_guard_hut, orc_david_3
D:11:     layout_loops_ring
D:12:     layout_rooms
D:13:     minmay_the_grid_4x2 [minmay_the_grid_odd_star, minmay_the_grid_rooms,
          minmay_the_grid_slots, minmay_the_grid_large_cup,
          minmay_the_grid_stretched_grid, minmay_the_grid_dragon_a,
          minmay_the_grid_eight, minmay_the_grid_prize_four_corners],
          layout_basic, uniq_nessos
D:14:     cheibrodos_tormentor_scu, layout_basic, grunt_vaults_entry_tiered,
          ebering_ghost_inner_flame, serial_ice, serial_ice_j, serial_ice_c,
          serial_ice_o, serial_ice_a, serial_ice_g, serial_ice_e, serial_ice_m,
          serial_ice_n, minmay_misc_feat_four_crosses, minmay_more_statues
D:15:     grunt_enter_depths_hoard, layout_layer_cave,
          nicolae_trove_entry_columns, nicolae_tso_swordbearing_angel,
          serial_shops, shop
Temple:   regret_index_temple_sigil_plot
Lair:1:   layout_roguey, tgw_fedhas
Lair:2:   wander_river, layout_cave_pods, minmay_lair_oklob_chamber
Lair:3:   layout_regular_city, minmay_shoals_entry_centaurs,
          minmay_snake_entry_guardpost_medium
Lair:4:   layout_regular_city
Lair:5:   layout_regular_city, dpeg_slime_entry_enclosed_altar, basic_altar,
          minmay_shattered_shrine
Lair:6:   due_jungle_book, layout_long_grid
Snake:1:  layout_rooms, serial_shops, shop, grunt_ministairs_2
Snake:2:  layout_cave_shapes, gammafunk_ghost_split
Snake:3:  layout_cave_shapes, serial_bayou_shore_a, grunt_megastairs_1,
          uniq_louise
Orc:1:    layout_diamond_mine, basic_altar
Orc:2:    pubby_orc_utopia, uniq_saint_roka

Skill      XL: |  1  2  3  4  5  6  7  8  9 10 11 12 13 14 15 16 |
---------------+-------------------------------------------------+-----
Fighting       | 3 4 5 6 7 8 9 10 11 12 13 | 13.2
Dodging        | 2 3 4 5 6 7 8 9 10 11 12 13 | 13.2
Invocations    | 3 5 8 9 11 13 14 16 17 18 | 18.0
Stealth        | |  2.7
Unarmed Combat | |  2.0

Action                   |  1- 3 |  4- 6 |  7- 9 | 10-12 | 13-15 | 16-18 || total
-------------------------+-------+-------+-------+-------+-------+-------++-------
Melee: Unarmed           |    23 |   202 |   579 |   885 |  1177 |       ||  2866
       Punch             |       |       |     7 |    13 |    20 |     2 ||    42
       Kick              |       |       |    80 |   357 |   972 |    88 ||  1497
       Morningstar       |       |       |       |       |   225 |   118 ||   343
       Great sword       |       |       |       |       |   388 |    37 ||   425
Invok: Draw Destruction  |       |       |     4 |    18 |    19 |    17 ||    58
       Draw Summoning    |       |       |       |     9 |    11 |     1 ||    21
       Stack Five        |       |       |       |     1 |     1 |       ||     2
       Draw Escape       |       |       |       |     2 |     8 |     6 ||    16
       Draw Stack        |       |       |       |       |     5 |       ||     5
Evoke: Wand              |       |       |       |     1 |    14 |       ||    15
       Lightning rod     |       |       |       |       |     6 |       ||     6
  Use: Potion            |       |       |     8 |     2 |     1 |     4 ||    15
       Scroll            |       |       |       |    10 |    19 |     4 ||    33
 Stab: Sleeping          |     1 |     2 |    11 |     8 |    14 |     3 ||    39
       Distracted        |       |       |     1 |     4 |     2 |       ||     7
       Paralysed         |       |       |       |     6 |       |       ||     6
Armor: Robe              |     3 |    74 |    82 |       |       |       ||   159
       Acid dragon scale |       |       |   139 |   404 |   581 |    66 ||  1190
Dodge: Dodged            |    10 |   118 |   460 |  1207 |  2637 |   406 ||  4838
       Rpst.: Great sword |       |       |       |       |   191 |    20 ||   211

Table legend: (Time is in decaauts)
 A = Elapsed time spent in this place.
 B = Non-inter-level travel time spent in this place.
 C = Inter-level travel time spent in this place.
 D = Time resting spent in this place.
 E = Time spent auto-exploring this place.
 F = Levels seen in this place.
 G = Mean time per level.
                   A        B        C        D        E       F      G
               +--------+--------+--------+--------+--------+-----+--------+
         Total |  31438 |  30498 |    940 |   3673 |  19007 |  25 | 1257.5 |
       Dungeon |  17823 |  17267 |    556 |   2109 |  10602 |  13 | 1371.0 |
        Temple |      1 |      1 |      0 |      0 |      0 |   1 |    1.0 |
          Lair |   7404 |   7172 |    232 |    835 |   5030 |   6 | 1234.0 |
     Snake Pit |   1648 |   1615 |     33 |    306 |    713 |   3 |  549.3 |
  Orcish Mines |   4560 |   4441 |    119 |    423 |   2661 |   2 | 2280.0 |
               +--------+--------+--------+--------+--------+-----+--------+

Top non-repeatable levels by time:
   Orc:2: 3895 daAuts
    D:14: 3318 daAuts
    D:13: 2770 daAuts
     D:9: 2167 daAuts
  Lair:3: 2054 daAuts
    D:15: 1522 daAuts
  Lair:4: 1317 daAuts
 Snake:1: 1316 daAuts
     D:7: 1260 daAuts
  Lair:6: 1187 daAuts
     D:6: 1137 daAuts
  Lair:5: 1134 daAuts
  Lair:2: 1068 daAuts
    D:12: 985 daAuts
     D:5: 935 daAuts
